Map: Galactic Process LE

Players

Akirit - Winner!

  • Race: Terran Terran

Gracz

  • Race: Protoss Protoss
  • League: Silver

VOD

Have the link to the VOD?

Description

Time

  • Played on: Sept. 19, 2016, 10:45 a.m.
  • Length: 30:09
Show
View Real Time Build Order
Export as new Build Order

Akirit Terran - Winner!

Build Orders:  

Get SALT Encoding   

  12  0:01  SCV  
  13  0:18  SCV  
  13  0:19  Supply Depot  
  14  0:30  SCV  
  15  0:42  Barracks, SCV  
  16  0:54  SCV  
  17  1:07  Refinery, SCV  
  18  1:19  SCV  
  19  1:29  Supply Depot  
  19  1:31  SCV  
  20  1:40  Bunker, Marine  
  20  1:46  SCV  
  22  1:56  Barracks  
  22  1:58  Marine  
  23  2:15  Marine  
  23  2:21  Engineering Bay  
  24  2:33  Marine  
  25  2:41  Barracks  
  25  2:47  Refinery, SCV  
  26  2:51  Marine  
  26  2:52  Supply Depot  
  27  2:59  SCV  
  27  3:00  Marine  
  29  3:09  Marine  
  30  3:16  Supply Depot  
  30  3:18  Marine  
  30  3:27  Marine  
  30  3:28  Marine  
  32  3:36  Marine  
  32  3:40  Factory  
  33  3:45  Marine  
  33  3:46  Marine  
  35  3:50  Supply Depot  
  35  3:51  Terran Infantry Weapons Level 1  
  35  3:53  Marine  
  36  4:02  Marine  
  36  4:03  Marine  
  38  4:11  Marine  
  38  4:16  Bunker  
  39  4:20  Marine  
  41  4:27  Factory Tech Lab  
  41  4:29  Marine  
  42  4:31  Factory  
  42  4:38  Marine  
  42  4:41  Barracks Reactor  
  42  4:47  Marine  
  43  4:56  Marine  
  44  5:05  Marine  
  45  5:09  Armory  
  45  5:14  Marine  
  45  5:19  Factory Tech Lab  
  46  5:23  Marine  
  46  5:27  Siege Tank  
  50  5:45  Terran Infantry Armor Level 1  
  50  5:50  Command Center  
  50  5:57  Marine x2  
  50  5:58  Supply Depot  
  52  6:21  Supply Depot  
  54  6:48  Thor  
  58  6:55  Thor  
  58  6:59  Marine x3  
  58  7:00  Marine  
  68  7:14  Bunker  
  68  7:20  Supply Depot  
  68  7:39  Hi-Sec Auto Tracking  
  58  8:23  Marine x2  
  58  8:24  Marine x2  
  62  8:41  Marine x3  
  62  8:42  Marine  
  66  8:59  Marine x4  
  70  9:07  Command Center  
  70  9:17  Marine  
  70  9:24  Supply Depot  
  71  9:34  Marine  
  71  9:35  Marine  
  71  9:37  Marine  
  68  9:47  Supply Depot  
  68  9:52  Marine  
  63  9:55  Marine  
  60  10:06  Marine x2  
  62  10:10  Marine  
  62  10:13  Marine  
  64  10:24  Marine x2  
  64  10:27  Marine  
  67  10:35  SCV  
  68  10:47  SCV  
  69  10:52  Marine  
  69  10:53  Marine x3  
  73  10:59  SCV  
  74  11:10  Marine x2  
  76  11:12  Thor  
  79  11:35  Thor  
  81  11:55  Thor  
  81  11:57  Refinery  
  81  11:58  SCV  
  65  12:10  SCV  
  65  12:13  Marine x4  
  66  12:22  SCV  
  66  12:23  Refinery  
  67  12:30  Marine  
  67  12:31  Marine x3  
  71  12:48  Marine x2  
  71  12:49  Marine  
  69  12:55  Marine  
  70  13:06  Marine x3  
  67  13:13  Marine  
  60  13:24  Marine x3  
  63  13:31  Marine  
  64  13:42  Marine x3  
  67  13:49  Marine  
  68  14:00  Marine  
  68  14:07  Marine  
  57  14:20  Thor x2  
  67  14:24  Marine x3  
  67  14:25  Marine  
  71  14:42  Marine x4  
  75  14:53  Supply Depot  
  75  15:00  Marine x4  
  75  15:03  Thor  
  85  15:15  Thor  
  85  15:17  Marine, Supply Depot  
  85  15:18  Marine  
  93  15:35  Marine x2  
  95  15:38  Marine x2  
  97  15:43  Supply Depot  
  97  15:53  Marine x2  
  97  15:56  Marine x2  
  101  16:08  Supply Depot  
  101  16:10  Marine  
  101  16:11  Marine  
  102  16:14  Marine  
  100  16:28  Marine x2  
  102  16:34  Marine x2  
  104  16:46  Marine x2  
  106  16:52  Marine  
  93  17:04  Marine x2  
  81  17:22  Marine x2  
  80  17:34  Marine x2  
  74  17:39  Marine  
  74  17:40  Marine  
  63  17:52  Marine x2  
  63  17:57  Marine x2  
  67  18:09  Marine  
  67  18:10  Marine  
  69  18:15  Marine x2  
  71  18:27  Marine x2  
  73  18:34  Marine x2  
  75  18:45  Marine  
  76  18:52  Marine x2  
  78  19:09  Marine  
  78  19:10  Marine  
  80  19:27  Marine  
  80  19:28  Marine  
  76  19:45  Marine x2  
  33  21:49  Thor x2  
  38  22:06  Marine x3  
  38  22:07  Marine  
  38  22:24  Marine x3  
  41  22:41  Command Center  
  41  22:47  Marine x2  
  41  22:48  Marine  
  44  23:05  Marine x4  
  48  23:27  Marine x3  
  48  23:28  Marine  
  52  23:45  Marine x4  
  56  23:53  SCV  
  57  24:02  Marine  
  57  24:03  Marine x3  
  57  24:05  SCV  
  62  24:17  SCV  
  62  24:18  Cyclone  
  62  24:20  Marine  
  68  24:29  SCV x2  
  70  24:41  SCV x2  
  72  24:53  SCV x2  
  72  24:59  Marine x4  
  77  25:05  SCV  
  77  25:06  SCV  
  80  25:13  Siege Tank  
  83  25:17  Marine x2  
  83  25:18  Siege Tank, SCV x2  
  85  25:30  SCV  
  79  25:44  Marine  
  79  25:45  Thor  
  86  25:50  Thor  
  92  25:57  Marine  
  93  26:05  Marine x2  
  93  26:06  Marine  
  96  26:15  Marine  
  96  26:16  Supply Depot  
  97  26:23  Marine x3, Supply Depot  
  100  26:33  Marine  
  100  26:38  Supply Depot  
  99  26:41  Marine x3  
  99  26:51  Marine  
  96  26:59  Marine x3  
  70  28:29  Hellbat x2  
  70  28:32  Marine x4  
  76  28:49  Marine  
  76  28:50  Hellbat, Marine x3  
  76  28:51  Hellbat  
  84  29:07  Marine x2  
  84  29:08  Marine  
  87  29:17  Supply Depot  
  87  29:23  Marine  
  87  29:38  Marine x3  
  87  29:39  Hellbat  
  87  29:40  Marine, Supply Depot  
Show
View Real Time Build Order
Export as new Build Order

Gracz Protoss 

Build Orders:  

Get SALT Encoding   

  12  0:01  Probe (Chrono Boost)  
  13  0:20  Pylon  
  14  0:21  Probe (Chrono Boost)  
  14  0:32  Probe (Chrono Boost)  
  15  0:42  Pylon  
  15  0:45  Gateway  
  15  1:00  Gateway  
  15  1:09  Gateway  
  15  1:15  Assimilator  
  15  1:17  Probe (Chrono Boost)  
  16  1:32  Gateway  
  16  1:43  Cybernetics Core  
  16  1:44  Probe (Chrono Boost)  
  17  1:58  Probe (Chrono Boost)  
  17  2:00  Zealot  
  20  2:02  Zealot  
  22  2:16  Probe (Chrono Boost)  
  22  2:20  Stalker  
  25  2:27  Stalker  
  21  3:29  Stargate  
  21  3:32  Probe (Chrono Boost)  
  21  3:33  Assimilator  
  22  3:44  Stalker, Probe (Chrono Boost)  
  25  4:01  Nexus  
  25  4:05  Pylon  
  25  4:08  Pylon  
  25  4:11  Pylon  
  25  4:14  Stalker  
  25  4:16  Pylon  
  25  4:18  Assimilator  
  25  4:21  Assimilator  
  28  4:32  Probe (Chrono Boost)  
  28  4:39  Void Ray  
  28  4:44  Probe (Chrono Boost)  
  33  4:56  Probe (Chrono Boost)  
  34  5:25  Stalker  
  34  5:26  Stalker x2  
  40  5:32  Probe (Chrono Boost)  
  40  5:33  Probe (Chrono Boost)  
  42  5:42  Probe (Chrono Boost)  
  43  5:45  Probe (Chrono Boost), Warp Gate  
  44  5:53  Probe (Chrono Boost)  
  46  5:57  Probe (Chrono Boost)  
  46  6:03  Probe (Chrono Boost)  
  47  6:09  Probe (Chrono Boost)  
  48  6:14  Probe (Chrono Boost)  
  49  6:21  Probe (Chrono Boost)  
  49  6:24  Probe (Chrono Boost)  
  52  6:34  Probe (Chrono Boost)  
  52  6:51  Gateway  
  52  6:55  Stargate, Void Ray  
  52  6:59  Stalker  
  52  7:00  Stalker x2  
  62  7:04  Probe (Chrono Boost)  
  62  7:05  Probe (Chrono Boost)  
  64  7:17  Probe (Chrono Boost)  
  65  7:29  Stalker  
  69  7:31  Mothership Core (Chrono Boost)  
  69  7:32  Gateway  
  47  8:34  Twilight Council  
  47  8:36  Fleet Beacon  
  47  8:44  Pylon  
  47  8:47  Forge  
  47  8:48  Void Ray  
  47  8:49  Forge  
  47  8:50  Stalker x3  
  47  8:51  Stalker x2  
  47  8:52  Stalker  
  47  8:53  Void Ray  
  67  9:06  Gateway, Blink  
  67  9:12  Gateway x2  
  67  9:13  Gateway  
  67  9:16  Gateway  
  67  9:20  Stalker x2, Gateway  
  59  9:53  Stalker x3  
  59  9:54  Stalker  
  59  9:55  Stalker  
  59  9:58  Tempest  
  61  10:10  Stargate  
  61  10:11  Stargate  
  61  10:23  Stalker  
  63  10:38  Void Ray  
  63  10:39  Void Ray  
  59  10:47  Stalker  
  59  10:48  Stalker  
  71  10:58  Stalker x2  
  75  11:24  Stalker x3  
  81  11:26  Stalker  
  83  11:41  Pylon  
  83  11:48  Void Ray  
  59  12:18  Stalker x2  
  59  12:19  Stalker x6  
  71  12:36  Stalker  
  71  12:37  Stalker  
  75  12:55  Probe x2 (Chrono Boost)  
  77  12:59  Nexus  
  78  13:07  Probe x2 (Chrono Boost)  
  59  13:25  Stalker x2  
  59  13:26  Stalker x2  
  59  13:27  Stalker  
  69  13:40  Probe x2 (Chrono Boost)  
  71  13:46  Tempest  
  71  13:52  Probe (Chrono Boost)  
  58  14:20  Stalker x3  
  58  14:21  Stalker  
  66  14:27  Probe (Chrono Boost)  
  66  14:29  Probe x2 (Chrono Boost)  
  69  14:44  Stalker x2  
  73  14:49  Assimilator  
  73  14:54  Assimilator  
  73  14:59  Stalker x2  
  75  15:15  Stalker x2  
  75  15:16  Stalker  
  81  15:29  Nexus  
  81  15:52  Tempest x2  
  85  16:01  Stalker x2  
  85  16:02  Stalker  
  93  16:27  Stalker x2  
  93  16:28  Stalker  
  93  16:29  Stalker  
  93  16:30  Tempest  
  89  17:03  Stalker x5  
  89  17:05  Zealot x2  
  89  17:06  Zealot x2  
  87  17:19  Stalker x2  
  69  17:37  Stalker  
  69  17:38  Stalker x2  
  57  17:52  Stalker  
  57  17:53  Stalker, Zealot  
  57  17:54  Zealot x3  
  57  17:55  Zealot  
  48  18:20  Gateway  
  48  18:22  Gateway  
  48  18:24  Gateway  
  48  18:26  Gateway  
  48  18:32  Stargate  
  48  18:34  Assimilator  
  48  18:37  Assimilator  
  48  18:43  Stalker  
  48  18:44  Stalker x3  
  48  18:45  Stalker  
  48  18:47  Stalker  
  60  18:54  Stalker  
  62  19:05  Stargate  
  62  19:19  Probe x3 (Chrono Boost)  
  62  19:21  Mothership Core (Chrono Boost)  
  67  19:33  Stalker  
  67  19:34  Stalker  
  67  19:35  Stalker  
  67  19:36  Stalker x2  
  69  19:40  Stalker  
  61  19:46  Stalker  
  55  19:54  Stalker  
  55  19:55  Stalker  
  54  20:18  Stalker x2  
  54  20:20  Stalker, Zealot x2  
  47  20:45  Stalker  
  47  20:46  Stalker x2  
  47  20:47  Stalker  
  43  21:04  Stalker  
  43  21:17  Pylon  
  43  21:18  Stalker x4  
  43  21:19  Stalker  
  44  21:55  Stalker  
  44  21:56  Stalker  
  44  21:57  Stalker x2  
  52  22:15  Stalker  
  54  22:20  Pylon  
  54  22:25  Pylon  
  54  22:31  Pylon  
  54  22:35  Pylon  
  54  22:38  Stalker  
  54  22:39  Pylon, Stalker x2  
  54  22:40  Stalker  
  62  22:46  Pylon, Stalker  
  62  22:50  Pylon  
  64  22:55  Pylon  
  64  23:08  Pylon  
  64  23:11  Pylon  
  64  23:13  Stalker  
  64  23:14  Stalker x2  
  64  23:15  Stalker  
  64  23:18  Pylon  
  72  23:23  Pylon  
  72  23:30  Stalker x2  
  76  23:38  Stalker  
  78  23:46  Nexus  
  78  23:52  Probe x2 (Chrono Boost)  
  78  23:53  Probe (Chrono Boost)  
  81  24:02  Stalker  
  83  24:03  Probe (Chrono Boost)  
  84  24:49  Pylon  
  84  24:53  Stargate x2  
  84  24:54  Stalker  
  84  24:56  Probe (Chrono Boost)  
  84  24:57  Stargate  
  84  24:59  Stargate  
  49  25:37  Stalker x3  
  49  25:38  Stalker x3  
  49  25:39  Stalker  
  63  26:07  Stalker x2  
  63  26:08  Stalker  
  63  26:09  Stalker x2  
  73  26:12  Tempest  
  77  27:05  Stalker x5  
  77  27:07  Tempest  
  77  27:08  Tempest  
  61  27:42  Stalker x2  
  61  27:43  Stalker x2  
  67  27:44  Stalker  
  67  27:45  Stalker  
  48  28:00  Stalker  
  48  28:01  Stalker  
  40  28:22  Stalker  
  28  28:35  Stalker  
  28  28:40  Probe (Chrono Boost)  
  29  28:58  Stalker  
  31  29:13  Stalker  
Tags
 
Add a new tag
Caveats
  • Supply blocks, unpowered buildings, or Contaminate may cause inaccurate times.
  • Supply counts are checked every 10 seconds.